 Dungeon Crawl Stone Soup version 0.27-a0-1136-g0b992a5a9d (webtiles) character file.

Game seed: 5149431448786289569

134 Zeld the Shield-Bearer (level 5, 0/37 HPs)
             Began as an Octopode Fighter on May 4, 2021.
             Succumbed to a gnoll's poison
             ... on level 4 of the Dungeon.
             The game lasted 00:05:31 (3804 turns).

Zeld the Shield-Bearer (Octopode Fighter)           Turns: 3804, Time: 00:05:32

Health: 0/37       AC:  1    Str: 16    XL:     5   Next: 17%
Magic:  5/5        EV: 11    Int: 11    God:
Gold:   125        SH:  9    Dex: 11    Spells: 4/4 levels left

rFire    . . .     SeeInvis .   a - +0 war axe
rCold    . . .     Faith    .   b - +0 kite shield
rNeg     . . .     Spirit   .   (helmet restricted)
rPois    .         Reflect  .   (no amulet)
rElec    .         Harm     .   k - ring of wizardry
rCorr    .         Rampage  .   (no ring)
Will     .....                  (no ring)
Stlth    ++........             (no ring)
HPRegen  0.12/turn              (no ring)
MPRegen  0.09/turn              (no ring)
                                (no ring)
                                (no ring)

@: mighty, lethally poisoned (0 -> -12)
A: almost no armour, amphibious, 8 rings, camouflage 1, gelatinous body 1,
(nimble swimmer 1), tentacles
a: no special abilities


You were on level 4 of the Dungeon.
You visited 1 branch of the dungeon, and saw 4 of its levels.

You collected 125 gold pieces.

Inventory:

Hand Weapons
 a - a +0 war axe (weapon)
Missiles
 q - 3 boomerangs (quivered)
Armour
 b - a +0 kite shield (worn)
Jewellery
 k - a ring of wizardry (left tentacle)
Wands
 n - a wand of flame (18)
Scrolls
 e - 2 scrolls of identify {unknown}
 h - a scroll of noise {unknown}
 j - a scroll of enchant weapon {unknown}
 l - a scroll of acquirement {unknown}
 m - a scroll of enchant armour {unknown}
 o - a scroll of blinking {unknown}
Potions
 d - a potion of flight {unknown}
 i - a potion of lignification {unknown}
 p - a potion of mutation {unknown}


   Skills:
 - Level 4.0 Fighting
 - Level 3.3 Axes
 * Level 0.0 Throwing
 - Level 3.0 Dodging
 - Level 4.1 Shields


You had 4 spell levels left.
You didn't know any spells.
Your spell library contained the following spells:

 Spells                   Type           Power      Damage    Failure   Level
 Animate Skeleton         Necr           0%         N/A       47%         1
 Apportation              Tloc           0%         N/A       47%         1
 Corona                   Hex            0%         N/A       47%         1
 Magic Dart               Conj           0%         1d3       47%         1
 Sandblast                Erth           0%         2d4       47%         1
 Summon Small Mammal      Summ           0%         N/A       47%         1
 Passwall                 Tmut/Erth      0%         N/A       61%         2
 Searing Ray              Conj           0%         3d3       61%         2
 Dazzling Flash           Conj/Hex       0%         N/A       83%         3
 Stone Arrow              Conj/Erth      0%         3d7       83%         3
 Fulminant Prism          Conj/Hex       0%         3d6       99%         4
 Iskenderun's Mystic Bla  Conj/Tloc      0%         2d3       99%         4
 Petrify                  Tmut/Erth      0%         N/A       99%         4
 Lee's Rapid Deconstruct  Erth           0%         3d5*      100%        5


Dungeon Overview and Level Annotations

Branches:
Dungeon (4/15)
 Temple: D:4-7

Altars:

Shops:
D:2 :


Innate Abilities, Weirdness & Mutations

You cannot wear most types of armour.
You are amphibious.
You can wear up to eight rings at the same time.
Your skin changes colour to match your surroundings (Stealth+).
Your rubbery body absorbs attacks. (AC +1, EV +1)
((You are camouflaged near water. (Stealth+)))
You have tentacles for arms and can constrict up to eight enemies at once.


Message History

q - 3 boomerangs A hobgoblin is nearby!
A hobgoblin is nearby!
Okay, then.
Setting a skill training target for Throwing at 12.0.
The hobgoblin shouts!
You slash the hobgoblin!
You kill the hobgoblin!
No target in view!
No target in view!
A gnoll is nearby!
A worm comes into view.
A worm is nearby!
The gnoll hits you with a +1 spear of venom!
You are poisoned.
You completely miss the gnoll. You grab the gnoll.
You constrict the gnoll, but do no damage.
You feel very sick.
The gnoll hits you with a +1 spear of venom.
You are lethally poisoned!
You block the gnoll's attack.
You are too injured to fight recklessly!
You are too injured to fight recklessly!
You hit the gnoll but do no damage. You constrict the gnoll.
* * * LOW HITPOINT WARNING * * *
You feel very sick. You block the gnoll's attack.
Unknown command.
It was a potion of curing.
You feel better.
You constrict the gnoll.
The gnoll hits you with a +1 spear of venom!
* * * LOW HITPOINT WARNING * * *
Unknown command.
You feel very mighty all of a sudden.
You constrict the gnoll. The gnoll closely misses you.
You release your grip on the gnoll.
The gnoll hits you with a +1 spear of venom.
* * * LOW HITPOINT WARNING * * *
You are lethally poisoned!
It was a potion of magic.
Magic courses through your body.
You die...

#....##................#
##....#.........#.......
#...#.#.........# .#..#
....#......##...##.#..##
##.##...#..###......#..#
##.######..............#
#..##.##.......##......#
#.###.....#....#.......#.
#..##.....###...@w.......
.........###.....g.#.....
..........####....##.....
..........#####...#.....#
...†.....##.............#
..............#÷#.......#
........<..##.#........
...........#...).......
.............†...#.##..


You could see a worm and a gnoll.

Vanquished Creatures
  Jessica (D:3)
  2 gnolls (D:3)
  3 adders (D:2)
  An adder skeleton (D:4)
  A worm (D:2)
  A dart slug (D:1)
  2 orcs (D:2)
  2 ball pythons
  2 endoplasms
  2 giant cockroaches (D:1)
  5 goblins
  11 hobgoblins
  3 jackals (D:1)
  A quokka (D:3)
  3 bats
  2 frilled lizards (D:2)
  5 kobolds
  3 rats (D:1)
50 creatures vanquished.

Notes
Turn   | Place    | Note
-------+----------+-------------------------------------------
     0 | D:1      | Zeld the Octopode Fighter began the quest for the Orb.
     0 | D:1      | Reached XP level 1. HP: 16/16 MP: 1/1
   120 | D:1      | Found a faded altar of an unknown god.
   144 | D:1      | Reached XP level 2. HP: 12/21 MP: 2/2
   592 | D:1      | Reached XP level 3. HP: 26/26 MP: 3/3
  1018 | D:2      | Found Ecsug's Book Boutique.
  1045 | D:2      | You fall into a shaft and drop 1 floor!
  1562 | D:2      | HP: 1/26 [orc/+0 trident (5)]
  1873 | D:2      | Reached XP level 4. HP: 28/32 MP: 4/4
  3001 | D:3      | Noticed Jessica
  3010 | D:3      | Killed Jessica
  3276 | D:3      | Reached XP level 5. HP: 9/37 MP: 5/5
  3702 | D:4      | Found the +8 orange crystal plate armour {Archmagi, Int+3
                  | Clar}
  3804 | D:4      | Succumbed to a gnoll's poison

Illustrated notes

Levels and vault maps discovered:
D:1:      minmay_arrival_three_doors, layout_loops_ring, basic_ecumenical_altar,
          lemuel_old_faithful
D:2:      layout_rooms, serial_shops, nicolae_shop_crystal,
          grunt_decor_resistance
D:3:      layout_basic, uniq_jessica
D:4:      layout_cave_pools, kennysheep_mini_moat, serial_shops, shop

Skill      XL: |  1  2  3  4 |
---------------+-------------+-----
Axes           | 3 |  3.3
Shields        | 4 |  4.1
Fighting       | 4 |  4.0
Dodging        | |  3.0

Action                   |  1- 3 |  4- 6 || total
-------------------------+-------+-------++-------
Melee: War axe           |    53 |    38 ||    91
       Constrict         |    16 |    13 ||    29
       Tentacles         |     6 |     6 ||    12
  Use: Potion            |       |     3 ||     3
 Stab: Sleeping          |     3 |     3 ||     6
Armor: Skin              |     4 |       ||     4
Dodge: Dodged            |    21 |    19 ||    40
Block: Kite shield       |    26 |    18 ||    44

Table legend: (Time is in decaauts)
 A = Elapsed time spent in this place.
 B = Non-inter-level travel time spent in this place.
 C = Inter-level travel time spent in this place.
 D = Time resting spent in this place.
 E = Time spent auto-exploring this place.
 F = Levels seen in this place.
 G = Mean time per level.
                   A        B        C        D        E       F      G
               +--------+--------+--------+--------+--------+-----+--------+
         Total |   3861 |   3769 |     92 |    623 |   2626 |   4 |  965.2 |
       Dungeon |   3861 |   3769 |     92 |    623 |   2626 |   4 |  965.2 |
               +--------+--------+--------+--------+--------+-----+--------+

Top non-repeatable levels by time:
     D:2: 1416 daAuts
     D:1: 1314 daAuts
     D:3: 974 daAuts
     D:4: 156 daAuts
